 Dungeon Crawl Stone Soup version 0.31-a0-819-gf6de2f5ab6 (webtiles) character file.

Game seed: 5876601914692396798

11757 qw the Skirmisher (level 11, -16/73 HPs)
             Began as a Gargoyle Hunter on Sept 23, 2023.
             Was a Priest of Okawaru.
             Killed from afar by an oklob plant (19 damage)
             ... with a splash of acid
             ... on level 11 of the Dungeon.
             The game lasted 00:04:45 (9203 turns).

qw the Skirmisher (Gargoyle Hunter)                 Turns: 9203, Time: 00:04:46

Health: -16/73     AC: 10    Str: 16    XL:     11   Next: 82%
Magic:  12/14      EV: 22    Int:  9    God:    Okawaru [***...]
Gold:   1132       SH:  5    Dex: 17    Spells: 10/10 levels left

rFire   . . .        Y - +3 orcbow
rCold   . . .        (shield currently unavailable)
rNeg    + . .        b - +0 troll leather armour
rPois   inf          r - +0 helmet
rElec   +            (no cloak)
rCorr   .            m - +2 pair of gloves
SInv    .            p - +0 pair of boots
Will    .....        a - amulet of reflection
Stlth   +++          e - +4 ring of slaying {mikee}
HPRegen 1.12/turn    h - +5 ring of evasion
MPRegen 0.14/turn

%: reflection
@: about to teleport, heroic, corroded
A: sickness immunity, AC +8, negative energy resistance 1, electricity
resistance, torment resistance 1, petrification resistance
a: Renounce Religion, Heroism


You were on level 11 of the Dungeon.
You worshipped Okawaru.
Okawaru was most pleased with you.
You visited 2 branches of the dungeon, and saw 12 of its levels.
You also visited: Sewer.

You collected 1132 gold pieces.


Innate Abilities, Weirdness & Mutations

You are immune to sickness and miasma.
Your stone body is resilient. (AC +8)
You are immune to poison.
You resist negative energy. (rN+)
You are resistant to electric shocks. (rElec)
You are resistant to unholy torment.
You are immune to petrification.


   Skills:
 - Level 10.3(15.3) Fighting
 + Level 14.6(19.6) Ranged Weapons
 - Level 3.2(8.2) Armour
 - Level 4.7(9.7) Dodging
 - Level 1.1(6.1) Stealth
 - Level 4.0 Invocations


You had 10 spell levels left.
You didn't know any spells.
Your spell library was empty.

Inventory:

Hand Weapons
 Y - a +3 orcbow (weapon)
Armour
 b - a +0 troll leather armour (worn)
 c - the +1 ring mail of Ru's Hope {rF+ Will++ Str+3}
   (You found it on level 11 of the Dungeon)

   Str+3:     It affects your strength (+3).
   rF+:       It protects you from fire.
   Will++:    It greatly increases your willpower.
 m - a +2 pair of gloves (worn)
 p - a +0 pair of boots (worn)
 r - a +0 helmet (worn)
Jewellery
 a - an amulet of reflection (around neck)
 e - a +4 ring of slaying (left hand) {mikee}
 h - a +5 ring of evasion (right hand)
 i - a ring of fire
Wands
 t - a wand of digging (3)
Scrolls
 k - 2 scrolls of identify
Potions
 g - a potion of enlightenment
 j - a potion of magic {unknown}
 l - a potion of attraction {unknown}
 n - 6 potions of curing
 s - a potion of invisibility {unknown}

Dungeon Overview and Level Annotations

Branches:
Dungeon (11/15)            Temple (1/1) D:6             Orc (0/2) D:9
  Sewer (visited)
   Lair: D:8-11

Altars:
Ashenzari
Cheibriados
Dithmenos
Elyvilon
Fedhas
Gozag
Hepliaklqana
Kikubaaqudgha
Makhleb
Nemelex Xobeh
Okawaru
Qazlal
Ru
Sif Muna
Trog
Uskayaw
Vehumet
Wu Jian
Xom
Yredelemnul
Zin
The Shining One

Shops:
D:5 (

Portals:
Abyss: D:8

Annotations:
D:3 2 transporters, 1 runed translucent door, Crazy Yiuf; qw's ghost, amateur GrHu
D:5 2 transporters
D:7 2 runed translucent doors
D:8 2 transporters, qw's ghost, novice MiHs
D:9 2 runed translucent doors, qw's ghost, journeyman GrHu
D:11 exclusion: 2 oklob plants


Message History

Enter note:
Enter note:
Enter note:
Enter note:
Enter note:
Enter note:
Enter note:
Enter note:
Enter note:
Enter note:
Enter note:
Enter note:
Enter note:
Enter note:
Enter note:
Enter note:
Enter note:
Enter note:
Enter note:
Enter note:
Enter note:
Enter note:
Enter note:
Enter note:
9201 ||| UPGRADING to +1 ring mail of Ru's Hope {rF+ Will++ Str+3}.
The oklob plant spits acid at you.
You stop removing your armour.
The splash of acid hits you! The oklob plant spits acid at you.
The splash of acid hits you! The acid corrodes you!
9202 ||| READING scroll of teleportation.
As you read the scroll of teleportation, it crumbles to dust.
You feel strangely unstable.
9203 ||| UPGRADING to +1 ring mail of Ru's Hope {rF+ Will++ Str+3}.
The oklob plant spits acid at you.
You stop removing your armour.
The splash of acid hits you but does no damage.
The acid corrodes you! The oklob plant spits acid at you.
The splash of acid hits you!!
You die...

#.......... ##.........
##........ ##..####.
#######........ ####
####...#......#### #....
#...#.........#
......#..###..)......#
.......@.#...........#
.........##..........#
.......................
#..........###..........
#.....#.#...~...#......#
##...###..#...#..#....
##.. .##PPP# #.. .


PPP You could see 2 oklob plants.

Vanquished Creatures
  Snorg (D:10)
  Erolcha (D:9)
  A boulder beetle (D:7)
  Amaemon (D:9)
  Pikel (D:4)
  A cyclops (D:7)
  A gargoyle (D:10)
  An orange demon (D:9)
  An unseen horror (D:11)
  2 kobold demonologists (D:11)
  A merfolk (D:9)
  2 trolls
  Prince Ribbit (D:9)
  2 shadows
  A wyvern (D:9)
  3 yaks (D:10)
  Grum (D:10)
  A steam dragon (D:10)
  An acid dragon (D:11)
  3 water moccasins
  A sky beast (D:8)
  6 orc warriors
  6 ice beasts
  3 ogres
  3 centaurs
  4 wolves (D:10)
  2 phantoms
  4 kobold brigands
  7 bullfrogs
  2 gnoll sergeants
  2 scorpions
  4 wights (D:6)
  5 howler monkeys
  3 jellies
  2 sleepcaps
  6 hounds
  9 orc priests
  2 gnoll boudas
  2 iguanas
  Ijyb (D:4)
  8 orc wizards
  Natasha (thrice) (D:2)
  Robin (D:4)
  8 adders
  20 gnolls
  2 shadow imps
  2 ufetubi
  3 worms
  46 orcs
  12 endoplasms
  12 giant cockroaches (Sewer)
  12 goblins
  11 hobgoblins
  4 jackals (D:1)
  8 quokkas
  11 ball pythons
  6 bats
  8 frilled lizards
  7 kobolds
  4 rats
289 creatures vanquished.

Notes
Turn   | Place    | Note
-------+----------+-------------------------------------------
     0 | D:1      | qw the Gargoyle Hunter began the quest for the Orb.
     0 | D:1      | Reached XP level 1. HP: 12/12 MP: 1/1
     0 | D:1      | 0 ||| qw: Version: 0.3-a-83-gcd0e7d8
     0 | D:1      | 0 ||| qw: Game counter: 1597
     0 | D:1      | 0 ||| qw: Melee chars always use a shield: true
     0 | D:1      | 0 ||| qw: God list: Okawaru
     0 | D:1      | 0 ||| qw: Allow faded altars: false
     0 | D:1      | 0 ||| qw: Do Orc after clearing Dungeon:15 true
     0 | D:1      | 0 ||| qw: Do second Lair branch before Depths: true
     0 | D:1      | 0 ||| qw: Lair rune preference: random
     0 | D:1      | 0 ||| qw: Goals: Normal
     0 | D:1      | 0 ||| PLANNING D:1-11
    94 | D:1      | Reached XP level 2. HP: 17/17 MP: 2/2
   467 | D:1      | Reached XP level 3. HP: 15/21 MP: 3/3
   513 | D:1      | Reached skill level 5 in Ranged Weapons
   705 | D:1      | 705 ||| UPGRADING to +0 ring mail.
   715 | D:1      | 715 ||| DROPPING +0 leather armour.
   716 | D:1      | 716 ||| READING scroll labelled TAPYMU DAIDEYN.
   717 | D:1      | 717 ||| READING scroll labelled CERRYMPA YBOGOE.
   818 | D:1      | 818 ||| READING scroll labelled NIULINOSCHI.
   819 | D:1      | 819 ||| READING scroll labelled VEABAR COOK.
   820 | D:1      | 820 ||| DROPPING scroll of butterflies.
  1084 | D:2      | Noticed Natasha
  1086 | D:2      | Killed Natasha
  1087 | D:2      | Reached XP level 4. HP: 26/26 MP: 4/4
  1144 | D:2      | Found a radiant altar of Vehumet.
  1238 | D:2      | Noticed Natasha
  1240 | D:2      | Killed Natasha
  1241 | D:2      | Reached skill level 3 in Fighting
  1253 | D:2      | Noticed Natasha
  1258 | D:2      | Killed Natasha
  1317 | D:2      | Reached XP level 5. HP: 32/32 MP: 5/5
  1505 | D:2      | 1505 ||| UPGRADING to amulet of guardian spirit.
  1510 | D:2      | 1510 ||| UPGRADING to +4 ring of slaying {mikee}.
  1511 | D:2      | 1511 ||| READING scroll labelled RUHIOLLAGE.
  1512 | D:2      | 1512 ||| READING scroll labelled BIRGHU ZUGO.
  1531 | D:2      | 1531 ||| READING 2 scrolls labelled SITAKHOFF.
  1532 | D:2      | 1532 ||| DROPPING scroll of fear.
  1632 | D:3      | Found a transporter.
  1756 | D:3      | Found a transporter.
  1841 | D:3      | Found a runed translucent door.
  1842 | D:3      | Noticed Crazy Yiuf
  1952 | D:3      | Noticed qw's ghost (amateur GrHu)
  2257 | D:3      | 2257 ||| UPGRADING to +5 ring of evasion.
  2311 | D:4      | Noticed Pikel
  2311 | D:4      | Noticed a lemure
  2311 | D:4      | Noticed a lemure
  2311 | D:4      | Noticed a lemure
  2312 | D:4      | 2312 ||| RETREEAATING.
  2315 | D:4      | 2315 ||| STILL RETREEAATING.
  2317 | D:4      | 2317 ||| RETREEAATING.
  2320 | D:4      | 2320 ||| Stepping ~*~*~tactically~*~*~ (retreating).
  2330 | D:4      | Killed Pikel
  2331 | D:4      | Reached skill level 8 in Ranged Weapons
  2331 | D:4      | Reached XP level 6. HP: 21/37 MP: 2/6
  2331 | D:4      | Reached XP level 7. HP: 23/41 MP: 2/7
  2722 | D:4      | Reached XP level 8. HP: 50/50 MP: 8/8
  2918 | D:4      | Found a blossoming altar of Fedhas.
  3074 | D:4      | Noticed Ijyb
  3079 | D:4      | Killed Ijyb
  3090 | D:4      | Noticed Robin
  3111 | D:4      | Killed Robin
  3184 | D:4      | 3184 ||| UPGRADING to +1 pair of gloves.
  3189 | D:4      | 3189 ||| UPGRADING to +0 pair of boots.
  3194 | D:4      | 3194 ||| UPGRADING to +2 animal skin.
  3204 | D:4      | 3204 ||| DROPPING +0 ring mail.
  3205 | D:4      | 3205 ||| UPGRADING to +0 helmet.
  3210 | D:4      | 3210 ||| READING scroll labelled NAS ID MOF QOD.
  3211 | D:4      | 3211 ||| READING scroll labelled ATABOS ILUD.
  3216 | D:4      | 3216 ||| READING 2 scrolls of identify.
  3216 | D:4      | 3216 ||| IDENTIFYING lumpy yellow potion
  3242 | D:5      | Entered Level 5 of the Dungeon
  3344 | D:5      | Reached skill level 9 in Ranged Weapons
  3384 | D:5      | 3384 ||| RETREEAATING.
  3386 | D:5      | 3386 ||| Stepping ~*~*~tactically~*~*~ (retreating).
  3397 | D:5      | Reached skill level 6 in Fighting
  3576 | D:5      | Found a transporter.
  3580 | D:5      | Found Xeigijudu's Weapon Emporium.
  3628 | D:5      | Reached skill level 10 in Ranged Weapons
  3655 | D:5      | Reached XP level 9. HP: 55/55 MP: 9/9
  3679 | D:5      | 3679 ||| RETREEAATING.
  3680 | D:5      | 3680 ||| FLEEEEING.
  3684 | D:5      | 3684 ||| STILL RETREEAATING.
  3685 | D:5      | 3685 ||| STILL RETREEAATING.
  3687 | D:5      | 3687 ||| Stepping ~*~*~tactically~*~*~ (retreating).
  3692 | D:5      | Reached skill level 3 in Dodging
  3766 | D:5      | 3766 ||| SWAPPING to +0 orcbow.
  3767 | D:5      | 3767 ||| DROPPING +0 shortbow of draining.
  3835 | D:5      | Found a transporter.
  3920 | D:5      | 3920 ||| READING scroll labelled RUONAT XOKYACA.
  3921 | D:5      | 3921 ||| READING 2 scrolls labelled RYNORCH ZUVUNUY.
  3922 | D:5      | 3922 ||| READING scroll of enchant weapon.
  3922 | D:5      | 3922 ||| ENCHANTING +1 orcbow.
  3923 | D:5      | 3923 ||| READING scroll labelled QIFAQU DUQUT.
  3924 | D:5      | 3924 ||| DRINKING 2 orange potions.
  3946 | D:6      | 3946 ||| PLANNING SEWER
  4005 | D:6      | 4005 ||| STAIRDANCE
  4007 | D:5      | 4007 ||| DRINKING potion of curing.
  4007 | D:5      | 4007 ||| (to cure confusion)
  4010 | D:6      | 4010 ||| STAIRDANCE
  4031 | D:6      | 4031 ||| STAIRDANCE
  4057 | D:6      | 4057 ||| STAIRDANCE
  4129 | D:6      | 4129 ||| STAIRDANCE
  4177 | D:6      | 4177 ||| STAIRDANCE
  4187 | D:6      | 4187 ||| STAIRDANCE
  4277 | D:6      | Found a stormy altar of Qazlal.
  4322 | D:6      | Found a glowing drain.
  4323 | D:6      | 4323 ||| DRINKING 3 blue potions.
  4324 | D:6      | 4324 ||| DROPPING 2 potions of brilliance.
  4333 | Sewer    | Entered a sewer
  4350 | Sewer    | 4350 ||| Stepping ~*~*~tactically~*~*~ (water).
  4352 | Sewer    | 4352 ||| Stepping ~*~*~tactically~*~*~ (water).
  4365 | Sewer    | 4365 ||| Stepping ~*~*~tactically~*~*~ (water).
  4386 | Sewer    | 4386 ||| Stepping ~*~*~tactically~*~*~ (water).
  4407 | Sewer    | 4407 ||| Stepping ~*~*~tactically~*~*~ (water).
  4413 | Sewer    | 4413 ||| Stepping ~*~*~tactically~*~*~ (water).
  4415 | Sewer    | 4415 ||| Stepping ~*~*~tactically~*~*~ (water).
  4420 | Sewer    | 4420 ||| Stepping ~*~*~tactically~*~*~ (water).
  4422 | Sewer    | 4422 ||| Stepping ~*~*~tactically~*~*~ (water).
  4424 | Sewer    | 4424 ||| Stepping ~*~*~tactically~*~*~ (water).
  4437 | Sewer    | 4437 ||| Stepping ~*~*~tactically~*~*~ (water).
  4460 | Sewer    | 4460 ||| Stepping ~*~*~tactically~*~*~ (water).
  4489 | Sewer    | 4489 ||| Stepping ~*~*~tactically~*~*~ (water).
  4491 | Sewer    | 4491 ||| Stepping ~*~*~tactically~*~*~ (water).
  4493 | Sewer    | 4493 ||| Stepping ~*~*~tactically~*~*~ (water).
  4520 | Sewer    | 4520 ||| Stepping ~*~*~tactically~*~*~ (water).
  4523 | Sewer    | 4523 ||| Stepping ~*~*~tactically~*~*~ (water).
  4525 | Sewer    | 4525 ||| Stepping ~*~*~tactically~*~*~ (water).
  4539 | Sewer    | 4539 ||| Stepping ~*~*~tactically~*~*~ (water).
  4541 | Sewer    | 4541 ||| Stepping ~*~*~tactically~*~*~ (water).
  4543 | Sewer    | 4543 ||| Stepping ~*~*~tactically~*~*~ (water).
  4545 | Sewer    | 4545 ||| Stepping ~*~*~tactically~*~*~ (water).
  4550 | Sewer    | 4550 ||| Stepping ~*~*~tactically~*~*~ (water).
  4576 | Sewer    | 4576 ||| Stepping ~*~*~tactically~*~*~ (water).
  4585 | Sewer    | 4585 ||| Stepping ~*~*~tactically~*~*~ (water).
  4587 | Sewer    | 4587 ||| Stepping ~*~*~tactically~*~*~ (water).
  4589 | Sewer    | 4589 ||| Stepping ~*~*~tactically~*~*~ (water).
  4593 | Sewer    | 4593 ||| Stepping ~*~*~tactically~*~*~ (water).
  4599 | Sewer    | Reached skill level 11 in Ranged Weapons
  4616 | Sewer    | 4616 ||| READING scroll labelled GOUNKE FUBB.
  4631 | D:6      | 4631 ||| PLANNING D:1-11
  4710 | D:6      | Found a staircase to the Ecumenical Temple.
  4711 | D:6      | 4711 ||| PLANNING TEMPLE
  4723 | Temple   | Entered the Ecumenical Temple
  4724 | Temple   | 4724 ||| PLANNING OKAWARU WORSHIP
  4792 | Temple   | Became a worshipper of Warmaster Okawaru
  4793 | Temple   | 4793 ||| PLANNING D:1-11
  4793 | Temple   | 4793 ||| REMOVING amulet of guardian spirit.
  4798 | Temple   | 4798 ||| DROPPING amulet of guardian spirit.
  4799 | Temple   | 4799 ||| UPGRADING to amulet of the acrobat.
  5134 | D:7      | 5134 ||| STAIRDANCE
  5148 | D:7      | 5148 ||| STAIRDANCE
  5220 | D:7      | 5220 ||| STAIRDANCE
  5239 | D:7      | 5239 ||| STAIRDANCE
  5261 | D:7      | 5261 ||| STAIRDANCE
  5268 | D:7      | 5268 ||| STAIRDANCE
  5439 | D:7      | Reached * piety under Okawaru
  5553 | D:7      | 5553 ||| INVOKING Heroism.
  5553 | D:7      | Noticed a cyclops
  5555 | D:7      | 5555 ||| RETREEAATING.
  5561 | D:7      | 5561 ||| RETREEAATING.
  5562 | D:7      | 5562 ||| STILL RETREEAATING.
  5563 | D:7      | 5563 ||| STILL RETREEAATING.
  5569 | D:7      | Reached XP level 10. HP: 62/64 MP: 8/10
  5578 | D:7      | Killed a cyclops
  5579 | D:7      | Reached skill level 12 in Ranged Weapons
  5581 | D:7      | Noticed a boulder beetle
  5582 | D:7      | 5582 ||| INVOKING Heroism.
  5588 | D:7      | Reached skill level 1 in Invocations
  5595 | D:7      | HP: 14/64 [boulder beetle (6)]
  5596 | D:7      | 5596 ||| READING 2 scrolls of teleportation.
  5597 | D:7      | 5597 ||| DRINKING 2 potions of heal wounds.
  5598 | D:7      | 5598 ||| INVOKING Heroism.
  5623 | D:7      | 5623 ||| INVOKING Heroism.
  5841 | D:7      | 5841 ||| INVOKING Heroism.
  5886 | D:7      | 5886 ||| INVOKING Heroism.
  5896 | D:7      | Killed a boulder beetle
  5961 | D:7      | Identified the +0 chain mail of Submission {Dex+2}
  5999 | D:7      | Found a runed translucent door.
  5999 | D:7      | Found a runed translucent door.
  6254 | D:7      | 6254 ||| UPGRADING to amulet of reflection.
  6264 | D:7      | 6264 ||| DROPPING amulet of the acrobat.
  6265 | D:7      | 6265 ||| READING scroll labelled DIZXIN ZIAGAF.
  6266 | D:7      | 6266 ||| READING scroll labelled UMA AFFEECIRCH.
  6267 | D:7      | 6267 ||| READING scroll labelled TEDUFU JEOREETT.
  6267 | D:7      | Identified a scroll of acquirement
  6267 | D:7      | 6267 ||| ACQUIRING 468 gold pieces
  6267 | D:7      | Acquired 468 gold pieces
  6269 | D:7      | 6269 ||| READING 3 scrolls of identify.
  6269 | D:7      | 6269 ||| IDENTIFYING golden potion
  6270 | D:7      | 6270 ||| READING 2 scrolls of identify.
  6270 | D:7      | 6270 ||| IDENTIFYING sedimented white potion
  6271 | D:7      | 6271 ||| DROPPING potion of ambrosia.
  6352 | D:8      | Found a transporter.
  6354 | D:8      | Found a transporter.
  6357 | D:8      | 6357 ||| READING scroll of enchant weapon.
  6357 | D:8      | 6357 ||| ENCHANTING +2 orcbow.
  6483 | D:8      | 6483 ||| INVOKING Heroism.
  6531 | D:8      | Found a glowing silver altar of Zin.
  6531 | D:8      | Found a snail-covered altar of Cheibriados.
  6531 | D:8      | Found an opulent altar of Gozag.
  6595 | D:8      | Found a one-way gate to the infinite horrors of the Abyss.
  6595 | D:8      | Noticed qw's ghost (novice MiHs)
  6662 | D:8      | Reached skill level 3 in Invocations
  6762 | D:8      | 6762 ||| READING scroll of enchant armour.
  6762 | D:8      | 6762 ||| ENCHANTING +1 pair of gloves.
  7100 | D:9      | 7100 ||| RETREEAATING.
  7101 | D:9      | 7101 ||| Stepping ~*~*~tactically~*~*~ (retreating).
  7197 | D:9      | Found a large runed translucent door.
  7305 | D:9      | 7305 ||| RETREEAATING.
  7320 | D:9      | 7320 ||| Stepping ~*~*~tactically~*~*~ (retreating).
  7321 | D:9      | 7321 ||| Stepping ~*~*~tactically~*~*~ (retreating).
  7360 | D:9      | Noticed an orange demon
  7375 | D:9      | Killed an orange demon
  7375 | D:9      | Reached ** piety under Okawaru
  7384 | D:9      | 7384 ||| INVOKING Heroism.
  7390 | D:9      | Reached skill level 13 in Ranged Weapons
  7414 | D:9      | 7414 ||| INVOKING Heroism.
  7437 | D:9      | Found a staircase to the Orcish Mines.
  7439 | D:9      | Noticed Amaemon
  7443 | D:9      | 7443 ||| INVOKING Heroism.
  7444 | D:9      | 7444 ||| DRINKING 7 potions of curing.
  7444 | D:9      | 7444 ||| (to cure confusion)
  7456 | D:9      | 7456 ||| Stepping ~*~*~tactically~*~*~ (retreating).
  7457 | D:9      | 7457 ||| Stepping ~*~*~tactically~*~*~ (retreating).
  7458 | D:9      | 7458 ||| Stepping ~*~*~tactically~*~*~ (retreating).
  7459 | D:9      | 7459 ||| Stepping ~*~*~tactically~*~*~ (retreating).
  7460 | D:9      | 7460 ||| Stepping ~*~*~tactically~*~*~ (retreating).
  7461 | D:9      | 7461 ||| Stepping ~*~*~tactically~*~*~ (retreating).
  7462 | D:9      | 7462 ||| Stepping ~*~*~tactically~*~*~ (retreating).
  7463 | D:9      | 7463 ||| Stepping ~*~*~tactically~*~*~ (retreating).
  7465 | D:9      | 7465 ||| Stepping ~*~*~tactically~*~*~ (retreating).
  7472 | D:9      | 7472 ||| INVOKING Heroism.
  7476 | D:9      | 7476 ||| DRINKING 6 potions of curing.
  7476 | D:9      | 7476 ||| (to cure confusion)
  7477 | D:9      | Killed Amaemon
  7478 | D:9      | Reached skill level 9 in Fighting
  7478 | D:9      | Reached XP level 11. HP: 71/71 MP: 11/14
  7543 | D:9      | Noticed Prince Ribbit
  7546 | D:9      | Killed Prince Ribbit
  7737 | D:9      | Found a large runed translucent door.
  7740 | D:9      | Noticed qw's ghost (journeyman GrHu)
  7787 | D:9      | Noticed Erolcha
  7788 | D:9      | 7788 ||| INVOKING Heroism.
  7796 | D:9      | Killed Erolcha
  7995 | D:9      | 7995 ||| READING 2 scrolls labelled LYNEL ZIHEL.
  7996 | D:9      | 7996 ||| READING 2 scrolls of identify.
  7996 | D:9      | 7996 ||| IDENTIFYING smoky blue potion
  7997 | D:9      | 7997 ||| DROPPING potion of lignification.
  7998 | D:9      | 7998 ||| DROPPING scroll of vulnerability.
  7999 | D:9      | 7999 ||| DROPPING scroll of blinking.
  8013 | D:10     | Entered Level 10 of the Dungeon
  8029 | D:10     | Found a basalt altar of Yredelemnul.
  8154 | D:10     | Noticed Grum
  8155 | D:10     | 8155 ||| Stepping ~*~*~tactically~*~*~ (retreating).
  8157 | D:10     | 8157 ||| Stepping ~*~*~tactically~*~*~ (retreating).
  8158 | D:10     | 8158 ||| Stepping ~*~*~tactically~*~*~ (retreating).
  8159 | D:10     | 8159 ||| INVOKING Heroism.
  8179 | D:10     | Killed Grum
  8180 | D:10     | Reached skill level 14 in Ranged Weapons
  8219 | D:10     | 8219 ||| RETREEAATING.
  8220 | D:10     | 8220 ||| STILL RETREEAATING.
  8227 | D:10     | 8227 ||| INVOKING Heroism.
  8227 | D:10     | Noticed Snorg
  8228 | D:10     | 8228 ||| Stepping ~*~*~tactically~*~*~ (retreating).
  8235 | D:10     | Reached skill level 3 in Armour
  8242 | D:10     | HP: 14/72 [Snorg (9)]
  8243 | D:10     | 8243 ||| READING 2 scrolls of teleportation.
  8244 | D:10     | 8244 ||| DRINKING potion of heal wounds.
  8247 | D:10     | HP: 12/72 [Snorg (2)]
  8776 | D:10     | 8776 ||| INVOKING Heroism.
  8788 | D:10     | Killed Snorg
  8824 | D:10     | 8824 ||| UPGRADING to +0 troll leather armour.
  8834 | D:10     | 8834 ||| DROPPING +0 steam dragon scales.
  8835 | D:10     | 8835 ||| DROPPING +2 animal skin.
  8909 | D:11     | Identified the +1 ring mail of Ru's Hope {rF+ Will++ Str+3}
  8947 | D:11     | Reached *** piety under Okawaru
  8967 | D:11     | 8967 ||| RETREEAATING.
  8968 | D:11     | 8968 ||| STILL RETREEAATING.
  8969 | D:11     | 8969 ||| STILL RETREEAATING.
  8970 | D:11     | 8970 ||| STILL RETREEAATING.
  8971 | D:11     | 8971 ||| STILL RETREEAATING.
  8972 | D:11     | 8972 ||| STILL RETREEAATING.
  8974 | D:11     | 8974 ||| STILL RETREEAATING.
  8975 | D:11     | 8975 ||| STILL RETREEAATING.
  8980 | D:11     | 8980 ||| STILL RETREEAATING.
  8981 | D:11     | 8981 ||| STILL RETREEAATING.
  9000 | D:11     | 9000 ||| Stepping ~*~*~tactically~*~*~ (retreating).
  9001 | D:11     | 9001 ||| Stepping ~*~*~tactically~*~*~ (retreating).
  9002 | D:11     | 9002 ||| Stepping ~*~*~tactically~*~*~ (retreating).
  9003 | D:11     | 9003 ||| Stepping ~*~*~tactically~*~*~ (retreating).
  9004 | D:11     | 9004 ||| Stepping ~*~*~tactically~*~*~ (retreating).
  9005 | D:11     | 9005 ||| INVOKING Heroism.
  9066 | D:11     | 9066 ||| Invisibility monster not found???
  9090 | D:11     | 9090 ||| Stepping randomly (disturbance).
  9091 | D:11     | 9091 ||| Stepping randomly (disturbance).
  9092 | D:11     | 9092 ||| Stepping randomly (disturbance).
  9169 | D:11     | 9169 ||| INVOKING Heroism.
  9196 | D:11     | Noticed an oklob plant
  9196 | D:11     | Noticed an oklob plant
  9197 | D:11     | 9197 ||| INVOKING Heroism.
  9201 | D:11     | 9201 ||| UPGRADING to +1 ring mail of Ru's Hope {rF+ Will++
                  | Str+3}.
  9201 | D:11     | HP: 12/73 [oklob plant/splash of acid (15)]
  9201 | D:11     | HP: 1/73 [oklob plant/splash of acid (11)]
  9202 | D:11     | 9202 ||| READING scroll of teleportation.
  9203 | D:11     | 9203 ||| UPGRADING to +1 ring mail of Ru's Hope {rF+ Will++
                  | Str+3}.
  9203 | D:11     | Killed from afar by an oklob plant

Levels and vault maps discovered:
D:1:      minmay_arrival_shattered_statue, layout_loops_ring, minivault_27
D:2:      layout_basic, basic_altar, uniq_natasha
D:3:      layout_loops_cross, gammafunk_ghost_mausoleum, uniq_crazy_yiuf_cottage
D:4:      layout_gridville, nicolae_overflow_crystal_walls, uniq_ijyb,
          uniq_pikel, uniq_robin
D:5:      layout_loops_cross, serial_shops, nicolae_shop_drivethru,
          grunt_ministairs_10
D:6:      layout_cave_pools, nicolae_qazlal_scattered_showers,
          minmay_temple_entry_gardened_gates, cheibrodos_sewer_entry_drain
D:7:      minmay_the_grid_four_pointed_star
          [minmay_the_grid_triangle_9x9_tough_junction,
          minmay_the_grid_triangle_9x9_stretched_checkered,
          minmay_the_grid_triangle_9x9_swiss_cheese,
          minmay_the_grid_triangle_9x9_shrine, minmay_the_grid_prize_big_room],
          layout_basic
D:8:      layout_basic, chequers_temple_overflow_statue_of_worship,
          gammafunk_ghost_abyssal_escape, minmay_hedge_maze
D:9:      layout_irregular_city, david_orc_5, ebering_ghost_disaster_area,
          hangedman_fish_farm, uniq_erolcha, uniq_amaemon, uniq_prince_ribbit1
D:10:     layout_gridville, lemuel_doored_altar, uniq_grum, uniq_snorg
D:11:     layout_cave_pools, dpeg_oklobed_lair
Temple:   minmay_temple_bridge_d

Skill      XL: |  1  2  3  4  5  6  7  8  9 10 11 |
---------------+----------------------------------+-----
Ranged Weapons | 5 8 10 11 13 14 | 14.6
Armour         | 2 3 |  3.2
Fighting       | 3 5 6 8 9 10 | 10.3
Dodging        | 2 3 4 |  4.7
Invocations    | 4 |  4.0
Stealth        | |  1.1

Action                     |  1- 3 |  4- 6 |  7- 9 | 10-12 || total
---------------------------+-------+-------+-------+-------++-------
   Fire: Shortbow          |   113 |    44 |   137 |       ||   294
         Orcbow            |       |       |   228 |   490 ||   718
 Invoke: Heroism           |       |       |     1 |    17 ||    18
    Use: Scroll            |     4 |     3 |     8 |    12 ||    27
         Potion            |       |       |     3 |     4 ||     7
 Armour: Leather armour    |    36 |       |       |       ||    36
         Ring mail         |     5 |    13 |    32 |       ||    50
         Animal skin       |       |       |    91 |    74 ||   165
         Troll leather arm |       |       |       |    44 ||    44
  Dodge: Dodged            |    45 |     4 |   289 |   186 ||   524
  Block: Other             |       |       |       |    48 ||    48
         Reflection        |       |       |       |     2 ||     2

Table legend:
 A = Non-vault XP
 B = Vault XP
 C = Vault XP percentage of total XP
 D = Non-vault monster count
 E = Vault monster count
 F = Vault count percentage of total count
                 A         B        C        D         E       F
            +---------+---------+-------+---------+---------+-------
      Total |    9130 |    7666 |  45.6 |     187 |     102 |  35.3
            +---------+---------+-------+---------+---------+-------
        D:1 |      41 |       0 |   0.0 |      25 |       0 |   0.0
        D:2 |     101 |      33 |  24.6 |      11 |       1 |   8.3
        D:3 |      22 |       0 |   0.0 |       7 |       0 |   0.0
        D:4 |     673 |     688 |  50.6 |      12 |      14 |  53.8
        D:5 |    1429 |      83 |   5.5 |      28 |       3 |   9.7
        D:6 |     863 |      10 |   1.1 |      22 |       2 |   8.3
        D:7 |     554 |    1657 |  74.9 |      17 |       8 |  32.0
        D:8 |     729 |       0 |   0.0 |      23 |       0 |   0.0
        D:9 |    1038 |    3357 |  76.4 |      22 |      25 |  53.2
       D:10 |    1483 |    1550 |  51.1 |       6 |       6 |  50.0
       D:11 |    2197 |       0 |   0.0 |      14 |       0 |   0.0
      Sewer |       0 |     288 | 100.0 |       0 |      43 | 100.0
            +---------+---------+-------+---------+---------+-------
